 Dungeon Crawl Stone Soup version 0.21.1 (webtiles) character file.

492 Gargoyl the Skirmisher (level 6, -10/52 HPs)
             Began as a Centaur Abyssal Knight on Feb 1, 2018.
             Was a Believer of Lugonu.
             Mangled by Buffaloe's ghost (17 damage)
             ... on level 5 of the Dungeon on Feb 2, 2018.
             The game lasted 00:07:01 (3976 turns).

Gargoyl the Skirmisher (Centaur Abyssal Knight)     Turns: 3976, Time: 00:07:01

Health: -10/52     AC: 11    Str: 19    XL:     6   Next: 91%
Magic:  8/8        EV:  4    Int: 15    God:    Lugonu [**....]
Gold:   208        SH:  0    Dex: 10    Spells: 5/5 levels left

rFire    + . .     SeeInvis .   a - +2 hand axe
rCold    . . .     Gourm    .   (no shield)
rNeg     . . .     Faith    .   n - +1 plate armour {rF+}
rPois    +         Spirit   .   (no helmet)
rElec    .         Reflect  .   (no cloak)
rCorr    .         Harm     .   x - +0 pair of gloves
MR       .....                  (no barding)
Stlth    ..........             (no amulet)
HPRegen  0.17/turn              e - ring "Riaseu" {Str+4 Int+4}
MPRegen  0.11/turn              r - ring of poison resistance

@: lethally poisoned (-10 -> -12), very quick
A: large, hooves 3, deformed body, speed 2, tough skin 3
a: Depart the Abyss, Bend Space, Renounce Religion


You were on level 5 of the Dungeon.
You worshipped Lugonu.
Lugonu was pleased with you.
You were very hungry.

You visited 1 branch of the dungeon, and saw 5 of its levels.
You visited the Abyss 1 time.

You collected 208 gold pieces.

Inventory:

Hand Weapons
 a - a +2 hand axe (weapon)
Missiles
 t - 3 tomahawks (quivered)
Armour
 n - a +1 plate armour of fire resistance (worn)
 x - a +0 pair of gloves (worn)
Jewellery
 e - the ring "Riaseu" (left hand) {Str+4 Int+4}
   (You found it on level 2 of the Abyss)

   [ring of strength]

   It affects your strength (+4).
   It affects your intelligence (+4).
 h - an uncursed ring of protection from magic
 i - an uncursed ring of protection from magic
 r - a ring of poison resistance (right hand)
 u - an uncursed ring of protection from cold
Wands
 f - a wand of paralysis (6)
Scrolls
 b - a scroll of teleportation
 d - 3 scrolls of identify
 y - 3 scrolls of remove curse
Potions
 j - a potion of agility {unknown}
 k - 2 potions of heal wounds {unknown}
 l - 4 potions of curing
 m - 2 potions of cancellation {unknown}
 o - 2 potions of degeneration {unknown}
 q - a potion of resistance {unknown}
 s - a potion of flight {unknown}
 v - a potion of haste {unknown}
 w - a potion of lignification {unknown}
Books
 p - a book of Minor Magic

   Spells                             Type                      Level
   a - Magic Dart                     Conjuration                  1
   b - Blink                          Translocation                2
   c - Call Imp                       Summoning                    2
   d - Slow                           Hexes                        2
   e - Conjure Flame                  Conjuration/Fire             3
   f - Mephitic Cloud                 Conjuration/Poison/Air       3
Comestibles
 c - 9 rations


   Skills:
 + Level 4.0 Fighting
 + Level 4.0 Axes
 * Level 3.3 Armour
 + Level 1.4 Dodging
 * Level 3.6 Invocations
 + Level 0.1 Evocations


You had 5 spell levels left.
You didn't know any spells.

Dungeon Overview and Level Annotations

Branches:
Dungeon (5/15)
 Temple: D:4-7

Altars:
Ashenzari
Elyvilon
Fedhas
Kikubaaqudgha
Xom

Annotations:
D:5 Buffaloe's ghost, novice HOFi


Innate Abilities, Weirdness & Mutations

You have hooves in place of feet.
Armour fits poorly on your strangely shaped body.
You cover ground very quickly.
You have extremely tough skin. (AC +3)


Message History

You feel sick.
You feel sick.
You feel sick.
You hit the worker ant.
The worker ant is severely wounded.
The worker ant bites you but does no damage.
You closely miss the worker ant.
You kill the worker ant!
Lugonu accepts your kill.
You feel sick.
You hit Buffaloe's ghost but do no damage.
You kick Buffaloe's ghost.
Buffaloe's ghost is lightly damaged.
Buffaloe's ghost hits you but does no damage.
You are electrocuted!
* * * LOW HITPOINT WARNING * * *
You feel sick.
Buffaloe's ghost hits you but does no damage.
You are electrocuted!
You die...

.............#.......
.##.............# #.
##..........###
...........####
#.###.###.##
#.##..W....#
.###..#.####..#
........# #..##
.......@## #...#
.[.###..W###.#.#
#.#.†...#...
#.####........ ..
........## ...
#.....##.# ###.
#....># .# ## #....$#
# .......


You could see Buffaloe's ghost.

Vanquished Creatures
  2 ogres
  A hound (D:4)
  Jessica (D:2)
  2 orc wizards (D:4)
  3 worker ants
  A hound skeleton (D:4)
  6 adders
  2 worms
  2 dart slugs
  4 leopard geckos
  8 orcs (D:4)
  2 giant cockroaches
  5 goblins
  3 hobgoblins
  2 kobolds (D:1)
  4 quokkas
  3 ball pythons
  3 bats
  2 frilled lizards
  4 rats
  2 rat zombies (D:4)
62 creatures vanquished.

Notes
Turn   | Place    | Note
-------+----------+-------------------------------------------
     0 | Abyss:1  | Gargoyl the Centaur Abyssal Knight began the quest for the Orb.
     0 | Abyss:1  | Reached XP level 1. HP: 19/19 MP: 2/2
     0 | Abyss:1  | Upgraded the game from 0.21.0-37-g46506fa5f3 to 0.21.1
   118 | Abyss:2  | Got a faintly glowing steel ring
   119 | Abyss:2  | Identified the ring "Riaseu" {Str+4 Int+4} (You found it on level 2 of the Abyss)
   120 | Abyss:2  | Noticed a large abomination
   152 | Abyss:2  | Noticed a thrashing horror
   154 | D:1      | Escaped the Abyss
   407 | D:1      | Reached * piety under Lugonu
   407 | D:1      | Reached XP level 2. HP: 25/26 MP: 3/3
   943 | D:2      | Reached XP level 3. HP: 31/31 MP: 4/4
  1000 | D:2      | Noticed Jessica
  1013 | D:2      | Killed Jessica
  1013 | D:2      | Reached skill level 1 in Dodging
  1231 | D:2      | Reached XP level 4. HP: 24/38 MP: 6/6
  1361 | D:2      | Found a shattered altar of Ashenzari.
  2332 | D:3      | Noticed an ogre
  2351 | D:3      | Killed an ogre
  2351 | D:3      | Reached XP level 5. HP: 18/46 MP: 7/7
  2919 | D:4      | Noticed an ogre
  2930 | D:4      | Killed an ogre
  2930 | D:4      | Reached ** piety under Lugonu
  2930 | D:4      | Reached XP level 6. HP: 44/52 MP: 8/8
  3263 | D:4      | Found a shimmering altar of Xom.
  3405 | D:4      | Found an ancient bone altar of Kikubaaqudgha.
  3747 | D:4      | Found a blossoming altar of Fedhas.
  3881 | D:4      | Found a white marble altar of Elyvilon.
  3933 | D:5      | Entered Level 5 of the Dungeon
  3959 | D:5      | Noticed Buffaloe's ghost (novice HOFi)
  3976 | D:5      | Mangled by Buffaloe's ghost

Skill      XL: |  1  2  3  4  5  6 |
---------------+-------------------+-----
Axes           | 2 3 4 |  4.0
Armour         | 2 3 |  3.3
Dodging        | 1 |  1.4
Invocations    | 3 |  3.6
Fighting       | 4 |  4.0
Evocations     | |  0.1

Action                   |  1- 3 |  4- 6 || total
-------------------------+-------+-------++-------
Melee: Hand axe          |    52 |   128 ||   180
       Kick              |    11 |    27 ||    38
Invok: Depart the Abyss  |     1 |       ||     1
Evoke: Wand              |       |     3 ||     3
  Use: Scroll            |     4 |     2 ||     6
       Potion            |     1 |       ||     1
 Stab: Paralysed         |       |     6 ||     6
  Eat: Chunk             |       |     6 ||     6
Armor: Leather armour    |     6 |       ||     6
       Scale mail        |    42 |     8 ||    50
       Plate armour      |       |    91 ||    91
Dodge: Dodged            |    25 |    27 ||    52
